 Dungeon Crawl Stone Soup version 0.20.1-1-g8b1a95d (webtiles) character file.

149 JeffiDaFish the Slasher (level 5, 0/39 HPs)
             Began as a Demonspawn Gladiator on Oct 23, 2017.
             Succumbed to an adder's poison
             ... on level 3 of the Dungeon.
             The game lasted 00:07:09 (2473 turns).

JeffiDaFish the Slasher (Demonspawn Gladiator)      Turns: 2473, Time: 00:07:10

Health: 0/39       AC:  8    Str: 15    XL:     5   Next: 9%
Magic:  5/5        EV:  7    Int:  9    God:
Gold:   110        SH:  4    Dex: 15    Spells: 4/4 levels left

rFire    . . .     SeeInvis .   a - +0 long sword
rCold    . . .     Gourm    .   e - +0 buckler
rNeg     . . .     Faith    .   h - +0 chain mail
rPois    .         Spirit   .   (helmet restricted)
rElec    .         Reflect  .   (no cloak)
rCorr    .         Harm     .   (no gloves)
MR       .....                  (no boots)
Stlth    ..........             (no amulet)
Regen    0.2/turn               (no ring)
MPRegen  0.1/turn               (no ring)

@: lethally poisoned (0 -> -4)
A: antennae 1, powered by pain 1
a: no special abilities


You were on level 3 of the Dungeon.
You were hungry.

You visited 1 branch of the dungeon, and saw 3 of its levels.

You collected 110 gold pieces.

Inventory:

Hand Weapons
 a - a +0 long sword (weapon)
Missiles
 d - 3 throwing nets (quivered)
Armour
 b - a +0 leather armour
 c - a +0 helmet
 e - a +0 buckler (worn)
 h - a +0 chain mail (worn)
 i - a cursed +0 plate armour
Comestibles
 f - 4 bread rations
 g - a meat ration
 j - 11 chunks of flesh


   Skills:
 - Level 2.4 Fighting
 - Level 3.4 Long Blades
 - Level 1.8 Throwing
 * Level 2.1 Armour
 - Level 3.0 Dodging
 - Level 0.4 Stealth
 * Level 2.0 Shields


You had 4 spell levels left.
You didn't know any spells.

Dungeon Overview and Level Annotations

Branches:
Dungeon (3/15)

Altars:
Dithmenos


Innate Abilities, Weirdness & Mutations

You have a pair of small antennae on your head.
You sometimes gain a little power by taking damage.


Message History

Your chain mail prevents you from hitting the quokka.
The adder barely misses you.
A dart slug comes into view.
The adder barely misses you. The quokka bites you.
* * * LOW HITPOINT WARNING * * *
The adder bites you but does no damage.
As you open the large door, it creaks loudly!
You hear an angry hiss.
The quokka bites you but does no damage.
The adder barely misses you.
The quokka bites you but does no damage.
There is a large open door here.
There is a large open door here.
The adder bites you.
* * * LOW HITPOINT WARNING * * *
You are lethally poisoned!
The adder poisons you!
You slash the adder!
The adder is almost dead.
You die...

#...... ......#### #......
......... #...... .......#
#...... .w....# #......
#....########+####...... ######
#....##....#....#####...
.....#####....##....#....########
.........'.w..rS@...+............
...#.#####....##....#....###.....
.#.#)#####....##....####.# #.###.
+......##....##########.###.#...
#......##....#....#......##.#...
#......#######.#.......#.##.##..
#......#######)#..#.#...........
#......##....))#....#.###..####.
#.............##.##.#.# #.......


You could see a worm, an adder and a quokka.

Vanquished Creatures
  Ijyb (D:3)
  An iguana (D:3)
  A gnoll (D:1)
  A worm (D:2)
  2 dart slugs
  A leopard gecko (D:2)
  6 orcs (D:3)
  A giant cockroach (D:1)
  15 goblins
  7 hobgoblins
  6 jackals (D:3)
  11 kobolds
  A ball python (D:1)
  3 bats
  9 frilled lizards
  9 rats
75 creatures vanquished.

Notes
Turn   | Place    | Note
-------+----------+-------------------------------------------
     0 | D:1      | JeffiDaFish the Demonspawn Gladiator began the quest for the Orb.
     0 | D:1      | Reached XP level 1. HP: 16/16 MP: 1/1
   317 | D:1      | Gained mutation: You sometimes gain a little power by taking damage. [demonic ancestry]
   317 | D:1      | Reached XP level 2. HP: 11/22 MP: 2/2
   873 | D:1      | Reached XP level 3. HP: 28/28 MP: 3/3
   931 | D:1      | Reached skill level 1 in Armour
  1627 | D:2      | Found a shadowy altar of Dithmenos.
  1964 | D:3      | Reached skill level 1 in Shields
  1964 | D:3      | Gained mutation: You have a pair of small antennae on your head. [demonic ancestry]
  1964 | D:3      | Reached XP level 4. HP: 24/34 MP: 4/4
  2422 | D:3      | Noticed Ijyb
  2458 | D:3      | Killed Ijyb
  2458 | D:3      | Reached XP level 5. HP: 3/39 MP: 5/5
  2472 | D:3      | HP: 1/39 [adder (3)]
  2473 | D:3      | Succumbed to an adder's poison

Skill      XL: |  1  2  3  4 |
---------------+-------------+-----
Long Blades    | 3 |  3.4
Armour         | 1 2 |  2.1
Dodging        | 3 |  3.0
Shields        | 1 2 |  2.0
Fighting       | |  2.4
Throwing       | |  1.8
Stealth        | |  0.4

Action                   |  1- 3 |  4- 6 || total
-------------------------+-------+-------++-------
Melee: Long sword        |   150 |   125 ||   275
  Use: Potion            |     4 |     2 ||     6
       Scroll            |     2 |     2 ||     4
  Eat: Chunk             |     4 |     1 ||     5
Armor: Leather armour    |    11 |       ||    11
       Chain mail        |    70 |    61 ||   131
Dodge: Dodged            |    75 |    37 ||   112
Block: Buckler           |     2 |    27 ||    29
       Rpst.: Long sword |    23 |    14 ||    37
